 Dungeon Crawl Stone Soup version 0.18.1-50-g88ac8fd (webtiles) character file.

3241 Chiseanne the Thaumaturge (level 9, -1/62 HPs)
             Began as a Centaur Air Elementalist on Oct 9, 2016.
             Was an Initiate of Gozag.
             Slain by an orc warrior
             ... wielding a +0 war axe
              (3 damage)
             ... on level 6 of the Dungeon.
             The game lasted 00:30:45 (11468 turns).

Chiseanne the Thaumaturge (CeAE)                   Turns: 11468, Time: 00:30:46

Health: -1/62      AC:  6    Str: 14    XL:     9   Next: 67%
Magic:  14/21      EV:  9    Int: 25    God:    Gozag
Gold:   257        SH:  0    Dex: 11    Spells: 3 memorised, 19 levels left

rFire  . . .     SeeInvis .     H - +8 flail of Watchfulness {vamp, rElec MR- Str+4 Int+8}
rCold  . . .     Gourm    .     f - +0 robe
rNeg   . . .     Faith    .     (no shield)
rPois  .         Spirit   .     (no helmet)
rElec  +         Dismiss  .     t - +0 cloak
rCorr  .         Reflect  .     F - +0 pair of gloves
SustAt .         Harm     .     (no barding)
MR     .....                    (no amulet)
Stlth  +.........               (no ring)
                                (no ring)

@: repel missiles, very quick, not resistant to hostile enchantments, very
unstealthy
A: hooves 3, deformed body, speed 2, tough skin 3
a: Potion Petition, Call Merchant, Bribe Branch, Renounce Religion


You were on level 6 of the Dungeon.
You worshipped Gozag.
Gozag was noncommittal.
You were not hungry.

You visited 2 branches of the dungeon, and saw 7 of its levels.
You also visited: Ossuary.

You collected 370 gold pieces.
You paid 113 gold pieces to Gozag.

Inventory:

Hand Weapons
 H - the +8 flail of Watchfulness (weapon) {vamp, rElec MR- Str+4 Int+8}
   (You found it on level 6 of the Dungeon)

   It inflicts no extra harm, but heals its wielder somewhat when it strikes a
   living foe.
   It affects your strength (+4).
   It affects your intelligence (+8).
   It insulates you from electricity.
   It affects your resistance to hostile enchantments.
Missiles
 a - 18 arrows
 e - 77 bolts
 g - 8 javelins (quivered)
 h - 326 stones
 k - 12 tomahawks
 n - 3 throwing nets
 r - 67 sling bullets
 A - 14 poisoned needles
Armour
 f - a +0 robe (worn)
 t - a +0 cloak (worn)
 F - a +0 pair of gloves (worn)
Wands
 u - a wand of iceblast (6/15)
 x - a wand of iceblast (10/15)
 y - a wand of iceblast (7/15)
Scrolls
 i - 2 scrolls of fog
 l - 4 scrolls of remove curse
 p - 3 scrolls of amnesia
 q - 2 scrolls of teleportation
 w - a scroll of identify
Potions
 d - 4 potions of heal wounds
 j - 2 potions of might
 o - a potion of agility
 B - 4 potions of curing
 D - a potion of ambrosia
Books
 b - a book of Air

   Spells                             Type                      Level
   a - Shock                          Conjuration/Air              1
   b - Swiftness                      Charms/Air                   2
   c - Repel Missiles                 Charms/Air                   2
   d - Static Discharge               Conjuration/Air              3
   e - Lightning Bolt                 Conjuration/Air              5
 z - a book of Alchemy

   Spells                             Type                      Level
   a - Sublimation of Blood           Necromancy                   2
   b - Ignite Poison                  Fire/Transmutation/Poison    3
   c - Petrify                        Transmutation/Earth          4
   d - Alistair's Intoxication        Transmutation/Poison         5
   e - Irradiate                      Conjuration/Transmutation    5
 C - a book of the Dragon

   Spells                             Type                      Level
   a - Flame Tongue                   Conjuration/Fire             1
   b - Cause Fear                     Hexes                        4
   c - Bolt of Fire                   Conjuration/Fire             6
   d - Dragon Form                    Transmutation                7
   e - Dragon's Call                  Summoning                    9
Miscellaneous
 E - a stone of tremors
Comestibles
 c - 2 bread rations
 m - a beef jerky
 v - 2 meat rations


   Skills:
 - Level 1.3 Dodging
 - Level 1.2 Stealth
 * Level 8.5 Spellcasting
 - Level 5.4 Conjurations
 - Level 6.0 Air Magic


You had 19 spell levels left.
You knew the following spells:

 Your Spells              Type           Power        Failure   Level  Hunger
a - Shock                 Conj/Air       ####         1%          1    None
b - Repel Missiles        Chrm/Air       ####..       2%          2    None
c - Static Discharge      Conj/Air       #####...     1%          3    None


Dungeon Overview and Level Annotations

Branches:
Dungeon (6/15)             Temple (1/1) D:6

Altars:
Dithmenos
Fedhas
Gozag
Makhleb
Qazlal
Vehumet
Yredelemnul

Annotations:
D:5 Edmund


Innate Abilities, Weirdness & Mutations

You have hooves in place of feet.
Armour fits poorly on your strangely shaped body.
You cover ground very quickly.
You have extremely tough skin (AC +3).


Message History

Press: ? - help, Shift-Dir - straight line, f/p - orc warrior
Aim: an orc warrior, wielding a war axe and wearing a chain mail (moderately wounded)
The zap misses the orc warrior.
The orc warrior moves out of view.
The orc warrior hits you with a war axe!
You closely miss the orc warrior. You kick the orc warrior.
The orc warrior is moderately wounded.
The orc warrior closely misses you.
You closely miss the orc warrior.
The orc warrior is moderately wounded.
The orc warrior closely misses you.
You sock the orc warrior!
You feel better.
The orc warrior is almost dead.
The orc warrior hits you with a war axe!
You hit the orc warrior. Your kick misses the orc warrior.
The orc warrior is almost dead.
The orc warrior hits you with a war axe!!
* * * LOW HITPOINT WARNING * * *
The orc warrior hits you with a war axe.
You die...
Your body crumbles into a pile of gold.

#................
#................
#..............##
########..............#
#............##########
#............# #.........)..# ##
#...?...o....#########..
#......@#####(...>......
#.......#...'...........
#.......#...#...........
##########.......#...#...........
...#.......############....######
.....#.....#.....#....#$...#
.....#.....'.....#....'.$..#
##+###.....#...[#######....#
...####+####....#..........#


You could see an orc warrior.

Vanquished Creatures
  Eustachio (D:5)
  A hungry ghost (D:6)
  Menkaure (D:5)
  An ice beast (D:5)
  A phantom (D:4)
  2 sky beasts (D:6)
  3 ogres
  11 big kobolds (D:3)
  5 giant frogs
  A scorpion (D:5)
  A crimson imp (D:6)
  3 hounds
  A jelly (D:5)
  A quasit (D:6)
  A centaur zombie (Ossuary)
  3 giant frog skeletons
  3 orc priests
  Crazy Yiuf (D:3)
  2 orc wizards
  5 worker ants
  3 big kobold zombies (Ossuary)
  5 mummies
  A worker ant zombie (D:6)
  6 gnolls
  13 adders
  2 shadow imps
  3 oozes
  2 adder zombies (D:5)
  An adder skeleton (D:5)
  2 worms
  3 dart slugs
  6 giant geckos
  11 orcs
  4 giant cockroaches
  7 goblins
  12 hobgoblins
  9 jackals
  3 quokkas
  4 ball pythons
  5 bats
  A giant gecko skeleton (D:5)
  6 giant newts
  A goblin zombie (D:5)
  4 hobgoblin zombies (Ossuary)
  A jackal skeleton (D:6)
  41 kobolds
  A kobold zombie (D:5)
  11 rats
  A spectral orc (D:6)
217 creatures vanquished.

Notes
Turn   | Place    | Note
--------------------------------------------------------------
     0 | D:1      | Chiseanne the Centaur Air Elementalist began the quest for the Orb.
     0 | D:1      | Reached XP level 1. HP: 14/14 MP: 3/3
    34 | D:1      | Reached skill level 1 in Conjurations
   357 | D:1      | Reached XP level 2. HP: 8/20 MP: 0/4
   944 | D:1      | Reached XP level 3. HP: 26/26 MP: 2/5
  1878 | D:2      | Reached skill level 2 in Spellcasting
  2493 | D:2      | Reached XP level 4. HP: 30/33 MP: 1/7
  3484 | D:3      | Pr0man: hey
  3566 | D:3      | Chiseanne: hi
  4132 | D:3      | Noticed Crazy Yiuf
  4186 | D:3      | Killed Crazy Yiuf
  4186 | D:3      | Reached XP level 5. HP: 38/38 MP: 0/8
  4811 | D:3      | Reached skill level 3 in Spellcasting
  4811 | D:3      | Reached XP level 6. HP: 19/45 MP: 3/10
  4836 | D:3      | Reached XP level 7. HP: 18/50 MP: 0/12
  5141 | D:3      | Reached skill level 5 in Air Magic
  5616 | D:3      | Reached skill level 4 in Spellcasting
  6286 | D:4      | Reached XP level 8. HP: 57/57 MP: 10/14
  6445 | D:4      | Reached skill level 5 in Conjurations
  7000 | D:4      | Learned a level 2 spell: Repel Missiles
  7063 | D:5      | Entered Level 5 of the Dungeon
  7264 | D:5      | Noticed Eustachio
  7295 | D:5      | Killed Eustachio
  7295 | D:5      | Reached skill level 5 in Spellcasting
  7541 | D:5      | Found a sand-covered staircase.
  7550 | Ossuary  | Entered an ossuary
  7799 | Ossuary  | Learned a level 3 spell: Static Discharge
  8219 | D:5      | Reached skill level 6 in Spellcasting
  8750 | D:5      | Reached XP level 9. HP: 62/62 MP: 16/18
  8764 | D:5      | Noticed Menkaure
  8973 | D:5      | Killed Menkaure
  9693 | D:5      | Reached skill level 7 in Spellcasting
  9904 | D:6      | Noticed Edmund
 10367 | D:6      | Got a fine flail
 10374 | D:6      | Identified the +8 flail of Watchfulness {vamp, rElec MR- Str+4 Int+8} (You found it on level 6 of the Dungeon)
 10754 | D:6      | Reached skill level 8 in Spellcasting
 10961 | D:6      | Found a basalt altar of Yredelemnul.
 11090 | D:6      | Found a staircase to the Ecumenical Temple.
 11176 | Temple   | Entered the Ecumenical Temple
 11188 | Temple   | Became a worshipper of Gozag Ym Sagoz the Greedy
 11468 | D:6      | HP: 2/62 [orc warrior/war axe (20)]
 11468 | D:6      | Slain by an orc warrior

Skill      XL: |  1  2  3  4  5  6  7  8  9 |
---------------+----------------------------+-----
Conjurations   | 1 2 3 4 5 |  5.4
Air Magic      | 3 4 5 6 |  6.0
Spellcasting   | 2 3 4 6 8 |  8.5
Dodging        | |  1.3
Stealth        | |  1.2

Action                   |  1- 3 |  4- 6 |  7- 9 || total
-------------------------+-------+-------+-------++-------
Melee: Unarmed           |     3 |       |       ||     3
       Club              |    35 |       |       ||    35
       Kick              |     8 |    10 |    40 ||    58
       Dagger            |    14 |    59 |    73 ||   146
       Quarterstaff      |       |       |    88 ||    88
       Flail             |       |       |    29 ||    29
Throw: Javelin           |       |     3 |     1 ||     4
 Cast: Shock             |    59 |    98 |   283 ||   440
       Repel Missiles    |       |       |     1 ||     1
       Static Discharge  |       |       |    30 ||    30
  Use: Scroll            |     7 |     2 |     8 ||    17
       Potion            |     3 |       |     1 ||     4
  Eat: Chunk             |     5 |     8 |    12 ||    25
       Bread ration      |       |       |     1 ||     1
       Fruit             |       |       |     4 ||     4
       Beef jerky        |       |       |     2 ||     2
       Pizza             |       |       |     1 ||     1
Armor: Robe              |    29 |    25 |   126 ||   180
Dodge: Dodged            |    39 |    39 |   137 ||   215
       Deflected         |       |       |     1 ||     1
